 Dungeon Crawl Stone Soup version 0.25-a0-571-gb5e01bddfa (webtiles) character file.

Game seed: 16719013884110048911, levelgen mode: deterministic

2643 Flugslaktarn the Cleaver (level 9, -3/81 HPs)
             Began as a Deep Dwarf Fighter on Feb 29, 2020.
             Was a Believer of Makhleb.
             Slain by a spiny frog (6 damage)
             ... on level 1 of the Lair of Beasts.
             The game lasted 00:03:03 (4203 turns).

Flugslaktarn the Cleaver (Deep Dwarf Fighter)       Turns: 4203, Time: 00:03:04

Health: -3/81      AC: 14    Str: 22    XL:     9   Next: 35%
Magic:  8/9        EV:  5    Int: 10    God:    Makhleb [**....]
Gold:   428        SH: 11    Dex: 12    Spells: 8/8 levels left

rFire    . . .     SeeInvis .   r - +1 war axe (flame)
rCold    . . .     Gourm    .   c - +0 kite shield
rNeg     . . .     Faith    .   k - +0 plate armour
rPois    .         Spirit   .   (no helmet)
rElec    .         Reflect  .   q - +0 cloak
rCorr    .         Harm     .   (no gloves)
MR       +....                  (no boots)
Stlth    ..........             (no amulet)
HPRegen  0.00/turn              (no ring)
MPRegen  0.11/turn              (no ring)

@: mighty, lethally poisoned (-3 -> -3), non-regenerating
A: damage resistance, heal wounds, sense surroundings 2, no regeneration
a: Heal Wounds, Minor Destruction, Renounce Religion


You were on level 1 of the Lair of Beasts.
You worshipped Makhleb.
Makhleb was pleased with you.
You were not hungry.

You visited 2 branches of the dungeon, and saw 10 of its levels.
You also visited: Sewer.

You collected 428 gold pieces.

Inventory:

Hand Weapons
 r - a +1 war axe of flaming (weapon)
   (You took it off an orc on level 4 of the Dungeon)
Missiles
 l - a throwing net (quivered)
Armour
 b - a +0 scale mail
 c - a +0 kite shield (worn)
 k - a +0 plate armour (worn)
   (You found it on level 5 of the Dungeon)
 q - a +0 cloak (worn)
   (You found it on level 9 of the Dungeon)
Jewellery
 f - a +3 ring of strength {unknown}
   (You found it on level 1 of the Dungeon)
 z - an uncursed amulet of harm {unknown}
   (You found it on level 8 of the Dungeon)
Wands
 o - a wand of iceblast (8)
   (You found it on level 4 of the Dungeon)
 v - a wand of digging (8)
   (You took it off Ijyb on level 4 of the Dungeon)
 x - a wand of paralysis (9)
   (You found it on level 8 of the Dungeon)
Scrolls
 a - 2 scrolls of random uselessness {unknown}
 g - 2 scrolls of immolation
 j - a scroll of fear
 m - 2 scrolls of magic mapping
 n - a scroll of blinking {unknown}
 t - 4 scrolls of teleportation
 u - 4 scrolls of identify {unknown}
 w - a scroll of enchant weapon {unknown}
 y - a scroll of fog {unknown}
Potions
 h - a potion of stabbing {unknown}
 i - 4 potions of flight {unknown}
 p - 4 potions of curing {unknown}
 s - 2 potions of haste {unknown}
 A - a potion of invisibility {unknown}
 B - a potion of heal wounds {unknown}
 C - a potion of brilliance {unknown}
Comestibles
 e - 9 rations


   Skills:
 + Level 5.5 Fighting
 * Level 8.7 Axes
 + Level 6.7 Armour
 + Level 6.8 Shields
 + Level 5.3 Invocations


You had 8 spell levels left.
You didn't know any spells.
Your spell library was empty.

Dungeon Overview and Level Annotations

Branches:
Dungeon (9/15)             Temple (0/1) D:6            Lair (1/6) D:9
  Sewer (visited)
    Orc: D:9-12

Altars:
Ashenzari
Gozag
Kikubaaqudgha
Makhleb
Okawaru
Qazlal
Sif Muna
Xom


Innate Abilities, Weirdness & Mutations

You are resistant to damage.
You can heal yourself by infusing magical energy.
You passively map the area around you.
You do not regenerate.


Message History

You are too injured to fight recklessly!
You are too injured to fight recklessly!
You are too injured to fight recklessly!
You are too injured to fight recklessly!
You are too injured to fight recklessly!
You closely miss the komodo dragon.
The komodo dragon is heavily wounded.
You miss the wolf. You closely miss the wolf. You miss the wolf.
The wolf howls!
You slash the spiny frog! You burn the spiny frog. You closely miss the wolf.
The wolf bites you but does no damage. The wolf bites you!
* * * LOW HITPOINT WARNING * * *
The wolf completely misses you. The spiny frog stings you.
* * * LOW HITPOINT WARNING * * *
You block the wolf's attack.
A black mamba comes into view.
The wolf bites you but does no damage. x2; The komodo dragon bites you!
* * * LOW HITPOINT WARNING * * *
The spiny frog stings you!
You die...

≈ #...* , , , ,,
... ..# , ,, .
*#.. ..# ,. , , ,
, ,..#####h. ..#
..,, ,, ,
......#.+#..#.., ,
, ,
,.S...........##.
, ,, ,,
(.(...h.H.......,
,,,
......hhhl......,,
, , ,
.....hhh@h...... ,
, , ,,
......hFh....... ,
, , ,
#P##.##########. *
, , , # ## * * *


You could see a komodo dragon, a hippogriff, a black mamba (wandering), a spiny
frog and 11 wolves.

Vanquished Creatures
  Sigmund (D:6)
  The ghost of Esekla the Magician, an amateur DEWz (D:5)
  Duvessa (D:5)
  3 sky beasts
  A phantom (D:4)
  2 wolves (Lair:1)
  3 centaurs
  2 big kobolds
  Blork the orc (D:5)
  3 bullfrogs
  Dowan (D:5)
  2 scorpions
  A water moccasin skeleton (D:8)
  3 crimson imps
  2 hounds (D:7)
  2 orc priests
  A centaur skeleton (D:4)
  A jelly (D:5)
  An iguana (D:5)
  Ijyb (D:4)
  7 orc wizards
  9 worker ants
  A hound skeleton (D:6)
  A worker ant zombie (D:6)
  3 gnolls (D:4)
  2 river rats
  4 adders
  An adder zombie (D:7)
  An adder skeleton (D:8)
  A worm (D:5)
  5 leopard geckos
  18 orcs
  A ball python (D:4)
  3 giant cockroaches
  2 hobgoblins (D:6)
  5 jackals
  13 kobolds
  2 quokkas
  A ball python zombie (D:5)
  A bat (D:1)
  2 quokka skeletons
  6 rats
  3 fungi (D:9)
125 creatures vanquished.

Notes
Turn   | Place    | Note
-------+----------+-------------------------------------------
     0 | D:1      | Flugslaktarn the Deep Dwarf Fighter began the quest for the
                  | Orb.
     0 | D:1      | Reached XP level 1. HP: 20/20 MP: 1/1
     2 | D:1      | Noticed an octopode
     2 | D:1      | Noticed a troll
     4 | D:1      | Noticed a human
     4 | D:1      | Noticed a demonspawn
     6 | D:1      | Noticed a merfolk
     6 | D:1      | Noticed a dwarf
     8 | D:1      | Noticed a centaur
     8 | D:1      | Noticed a minotaur
    10 | D:1      | Noticed a vine stalker
    12 | D:1      | Noticed a ghoul
    14 | D:1      | Noticed a felid
    14 | D:1      | Noticed an ogre
    17 | D:1      | Noticed a formicid
    19 | D:1      | Noticed a draconian
    19 | D:1      | Noticed a gargoyle
    21 | D:1      | Noticed a naga
    23 | D:1      | Noticed a demigod
    23 | D:1      | Noticed an elf
    25 | D:1      | Noticed a vampire
    25 | D:1      | Noticed a tengu
    27 | D:1      | Noticed a spriggan
    27 | D:1      | Noticed a halfling
   158 | D:4      | Reached XP level 2. HP: 27/27 MP: 2/2
   171 | D:4      | Reached skill level 3 in Axes
   171 | D:4      | Reached XP level 3. HP: 26/34 MP: 3/3
   245 | D:4      | Noticed Ijyb
   267 | D:4      | Killed Ijyb
   298 | D:4      | Reached XP level 4. HP: 32/42 MP: 4/4
   378 | D:4      | Reached skill level 4 in Axes
   378 | D:4      | Reached XP level 5. HP: 47/49 MP: 5/5
   434 | D:4      | Found a glowing drain.
   454 | Sewer    | Entered a sewer
   574 | Sewer    | Reached XP level 6. HP: 29/57 MP: 5/5
   594 | Sewer    | Found a white marble altar of Elyvilon.
   730 | D:4      | Found an iron altar of Okawaru.
   946 | D:4      | Reached skill level 5 in Axes
  1166 | D:4      | Found a faded altar of an unknown god.
  1166 | D:4      | Found a faded altar of an unknown god.
  1171 | D:4      | Found a shimmering altar of Xom.
  1173 | D:4      | Found a shattered altar of Ashenzari.
  1174 | D:4      | Found a burning altar of Makhleb.
  1275 | D:4      | Became a worshipper of Makhleb the Destroyer
  1307 | D:5      | Entered Level 5 of the Dungeon
  1307 | D:5      | Noticed a sky beast
  1314 | D:5      | Killed a sky beast
  1314 | D:5      | Reached XP level 7. HP: 47/64 MP: 5/5
  1403 | D:5      | Noticed Blork the orc
  1410 | D:5      | Killed Blork the orc
  1410 | D:5      | Reached skill level 1 in Invocations
  1446 | D:5      | Reached skill level 5 in Armour
  1446 | D:5      | Reached skill level 5 in Shields
  1621 | D:5      | Found a runed translucent gate.
  1622 | D:5      | Found a runed translucent gate.
  1622 | D:5      | Found an opulent altar of Gozag.
  1623 | D:5      | Found a runed translucent gate.
  1623 | D:5      | Noticed Esekla's ghost (amateur DEWz)
  1798 | D:5      | Reached skill level 6 in Axes
  1828 | D:5      | Found an ancient bone altar of Kikubaaqudgha.
  1898 | D:5      | Killed Esekla's ghost
  2034 | D:5      | Noticed Duvessa
  2034 | D:5      | Noticed Dowan
  2048 | D:5      | Killed Duvessa
  2048 | D:5      | Killed Dowan
  2048 | D:5      | Reached XP level 8. HP: 34/73 MP: 5/7
  2289 | D:6      | Noticed Sigmund
  2305 | D:6      | Killed Sigmund
  2404 | D:6      | Found a staircase to the Ecumenical Temple.
  2507 | D:7      | Reached skill level 7 in Axes
  2565 | D:7      | Found a shimmering blue altar of Sif Muna.
  2575 | D:7      | Reached * piety under Makhleb
  2678 | D:7      | Reached skill level 5 in Fighting
  3158 | D:7      | You fall into a shaft and drop 1 floor!
  3202 | D:8      | Reached skill level 8 in Axes
  3312 | D:8      | Gained mutation: You passively map the area around you.
                  | [Deep Dwarf growth]
  3312 | D:8      | Reached XP level 9. HP: 60/81 MP: 9/9
  3345 | D:8      | Found a stormy altar of Qazlal.
  3580 | D:8      | Reached ** piety under Makhleb
  3826 | D:9      | Reached skill level 5 in Invocations
  4163 | D:9      | Found a staircase to the Lair.
  4188 | Lair:1   | Entered Level 1 of the Lair of Beasts
  4188 | Lair:1   | Noticed a spiny frog
  4189 | Lair:1   | Noticed a komodo dragon
  4203 | Lair:1   | Noticed a black mamba
  4203 | Lair:1   | HP: 3/81 [komodo dragon (14)]
  4203 | Lair:1   | Slain by a spiny frog

Levels and vault maps discovered:
D:1:      kb_arrival_jail, layout_basic, nrook_uturn
D:2:      layout_rooms, lemuel_coloured_pillars_altar, marbit_many_paths
D:3:      minmay_skewed_foursquare, layout_rooms,
          nicolae_overflow_crystal_walls, small_statue_intersection
D:4:      layout_basic, okawaru_metal_pillars_1_2,
          chequers_temple_overflow_minitemple, portal_sewer_entry_a, uniq_ijyb
D:5:      layout_cave_pods, old_standard_altar, ebering_ghost_gozag,
          first_ration, hex_medium, uniq_blork_the_orc, uniq_duvessa
D:6:      kennysheep_steamy, layout_basic, temple_fountains, sigmund_army
D:7:      layout_gridville, overflow_temple_1_default,
          hangedman_abyss_or_decor_stabs
D:8:      layout_basic, nicolae_qazlal_general_emergency
D:9:      layout_basic, lemuel_crystal_altar, dpeg_oklobed_lair,
          ebering_ghost_xom
Lair:1:   beast_lair_carwin_large_3, layout_chaotic_city,
          portal_ice_cave_entry_pillars_1, nicolae_quartered_pool_medium,
          grunt_forest_large_clearings, grunt_megastairs_3

Skill      XL: |  1  2  3  4  5  6  7  8  9 |
---------------+----------------------------+-----
Fighting       | 3 4 5 |  5.5
Axes           | 3 4 5 6 8 |  8.7
Armour         | 4 5 6 |  6.7
Shields        | 4 5 6 |  6.8
Invocations    | 2 4 5 |  5.3

Action                   |  1- 3 |  4- 6 |  7- 9 || total
-------------------------+-------+-------+-------++-------
Melee: War axe           |    52 |   161 |   313 ||   526
 Abil: Heal Wounds       |     1 |     4 |     7 ||    12
  Use: Scroll            |       |     5 |       ||     5
       Potion            |       |       |     1 ||     1
  Eat: Chunk             |       |     2 |    10 ||    12
Armor: Scale mail        |    32 |    69 |     2 ||   103
       Plate armour      |       |       |   179 ||   179
Dodge: Dodged            |    19 |    74 |    56 ||   149
Block: Kite shield       |    40 |    83 |   176 ||   299

Table legend:
 A = Non-vault XP
 B = Vault XP
 C = Vault XP percentage of total XP
 D = Non-vault monster count
 E = Vault monster count
 F = Vault count percentage of total count
                 A         B        C        D         E       F
            +---------+---------+-------+---------+---------+-------
      Total |    2669 |    1107 |  29.3 |      94 |      28 |  23.0
            +---------+---------+-------+---------+---------+-------
        D:1 |       4 |       0 |   0.0 |       2 |       0 |   0.0
        D:2 |       3 |       0 |   0.0 |       2 |       0 |   0.0
        D:3 |       2 |       0 |   0.0 |       2 |       0 |   0.0
        D:4 |     430 |      55 |  11.3 |      21 |       5 |  19.2
        D:5 |     399 |     474 |  54.3 |      10 |       5 |  33.3
        D:6 |     298 |     227 |  43.2 |       6 |       4 |  40.0
        D:7 |     783 |       0 |   0.0 |      17 |       0 |   0.0
        D:8 |     604 |       0 |   0.0 |      22 |       0 |   0.0
        D:9 |     146 |       0 |   0.0 |      12 |       0 |   0.0
     Lair:1 |       0 |     225 | 100.0 |       0 |       2 | 100.0
      Sewer |       0 |     126 | 100.0 |       0 |      12 | 100.0
            +---------+---------+-------+---------+---------+-------
